 Dungeon Crawl Stone Soup version 0.22.1-1-ga44c0e5 (webtiles) character file.

5256 tifemel the Archer (level 10, -8/91 HPs)
             Began as a Centaur Hunter on Sept 28, 2018.
             Was a Believer of Okawaru.
             Mangled by a black mamba (11 damage)
             ... on level 1 of the Lair of Beasts.
             The game lasted 00:50:25 (14924 turns).

tifemel the Archer (Centaur Hunter)                Turns: 14924, Time: 00:50:26

Health: -8/91      AC:  7    Str: 18    XL:     10   Next: 36%
Magic:  8/10       EV: 18    Int: 10    God:    Okawaru [**....]
Gold:   612        SH:  0    Dex: 15    Spells: 9/9 levels left

rFire    . . .     SeeInvis .   B - +0 rapier
rCold    . . .     Gourm    .   (no shield)
rNeg     . . .     Faith    .   c - +0 leather armour
rPois    .         Spirit   .   A - +0 helmet
rElec    .         Reflect  .   (no cloak)
rCorr    .         Harm     .   x - +0 pair of gloves
MR       .....                  (no barding)
Stlth    +++.......             (no amulet)
HPRegen  0.25/turn              (no ring)
MPRegen  0.12/turn              (no ring)

@: agile, heroism, very quick
A: large, hooves 3, deformed body, speed 2, tough skin 3
a: Heroism, Renounce Religion


You were on level 1 of the Lair of Beasts.
You worshipped Okawaru.
Okawaru was pleased with you.
You were hungry.

You visited 3 branches of the dungeon, and saw 11 of its levels.

You collected 612 gold pieces.

Inventory:

Hand Weapons
 a - a +1 shortbow
 B - a +0 rapier (weapon)
 H - a +0 short sword of distortion
Missiles
 d - 91 arrows
Armour
 c - a +0 leather armour (worn)
 g - a +2 pair of boots
 x - a +0 pair of gloves (worn)
 A - a +0 helmet (worn)
Jewellery
 n - an uncursed ring of fire
 D - the ring "Qeynics" {Int+4 Slay-3}
   (You took it off a crimson imp on level 8 of the Dungeon)

   [ring of slaying]

   It affects your intelligence (+4).
   It affects your accuracy and damage with ranged weapons and melee attacks
   (-3).
Wands
 h - a wand of polymorph (13)
 u - a wand of flame (17)
 v - a wand of disintegration (11)
 y - a wand of paralysis (18)
 E - a wand of iceblast (7)
Scrolls
 e - 4 scrolls of remove curse
 j - 4 scrolls of teleportation
 k - 2 scrolls of enchant weapon {unknown}
 q - 2 scrolls of blinking {unknown}
 s - a scroll of enchant armour {unknown}
 z - a scroll of amnesia {unknown}
 C - a scroll of fear {unknown}
 F - a scroll of random uselessness {unknown}
 G - a scroll of brand weapon {unknown}
 I - a scroll of identify
Potions
 b - 2 potions of mutation
 i - 3 potions of curing
 l - 3 potions of lignification
 m - a potion of brilliance
 o - a potion of might
 p - 8 potions of heal wounds
 r - 2 potions of berserk rage
 t - 2 potions of flight
Comestibles
 f - 10 rations


   Skills:
 + Level 9.2(14.2) Fighting
 + Level 8.1(13.1) Short Blades
 + Level 12.4(17.4) Bows
 - Level 1.3(6.3) Dodging
 - Level 0.4(5.4) Stealth


You had 9 spell levels left.
You didn't know any spells.
Your spell library contained the following spells:

 Spells                   Type           Power        Failure   Level  Hunger
 Magic Dart               Conj           #...         41%         1    ##.....
 Sandblast                Erth           #.....       41%         1    ##.....
 Blink                    Tloc           N/A          56%         2    ###....
 Call Imp                 Summ           #.......     56%         2    ###....
 Passwall                 Tmut/Erth      #.......     56%         2    ###....
 Searing Ray              Conj           #.....       56%         2    ###....
 Slow                     Hex            #.......     56%         2    ###....
 Conjure Flame            Conj/Fire      #.......     80%         3    ####...
 Dazzling Spray           Conj/Hex       #.....       80%         3    ####...
 Mephitic Cloud           Conj/Pois/Air  #.......     80%         3    ####...
 Stone Arrow              Conj/Erth      #.....       80%         3    ####...
 Force Lance              Conj/Tloc      #.......     99%         4    #####..
 Fulminant Prism          Conj/Hex       #.........   99%         4    #####..
 Iskenderun's Mystic Bla  Conj           #.......     99%         4    #####..
 Petrify                  Tmut/Erth      #.......     99%         4    #####..
 Lee's Rapid Deconstruct  Erth           #.........   100%        5    ######.


Dungeon Overview and Level Annotations

Branches:
Dungeon (9/15)             Temple (1/1) D:7            Lair (1/6) D:8
    Orc: D:9-12

Altars:
Ashenzari
Cheibriados
Dithmenos
Elyvilon
Fedhas
Gozag
Hepliaklqana
Kikubaaqudgha
Makhleb
Nemelex Xobeh
Okawaru
Qazlal
Ru
Sif Muna
Trog
Uskayaw
Vehumet
Wu Jian
Xom
Yredelemnul
Zin
The Shining One

Shops:
D:4 *   D:7 *

Annotations:
D:9 Joseph


Innate Abilities, Weirdness & Mutations

You have hooves in place of feet.
Armour fits poorly on your strangely shaped body.
You cover ground very quickly.
You have extremely tough skin. (AC +3)


Message History

* * * LOW HITPOINT WARNING * * *
You are poisoned.
The black mamba poisons you! The black mamba bites you!
* * * LOW HITPOINT WARNING * * *
* * * LOW HITPOINT WARNING * * *
You feel sick.
* * * LOW HITPOINT WARNING * * *
You feel sick.
The black mamba bites you but does no damage.
You feel better.
The black mamba bites you but does no damage.
You feel agile all of a sudden. The black mamba barely misses you.
The black mamba closely misses you.
The black mamba bites you but does no damage.
The black mamba barely misses you.
You gain the combat prowess of a mighty hero.
The black mamba bites you!
* * * LOW HITPOINT WARNING * * *
The black mamba bites you!
You die...

≈≈.##...................## ##
.
≈..##....##.#####........#P..
....#....#........#(.........
... #....#........+.....###..
.. #....+........P.....## .#
.. #....#........#......# #
.. ......#.....##
.#.#.#..+#.....## #
.......@S......... ..
................... #P
###################


You could see a black mamba.

Vanquished Creatures
  Sonja (Lair:1)
  Pikel (D:4)
  A spiny frog (Lair:1)
  Grinder (D:6)
  2 hippogriffs
  A basilisk (Lair:1)
  A water moccasin (D:8)
  A porcupine (Lair:1)
  Duvessa (D:6)
  3 slaves (D:4)
  A sky beast (D:7)
  3 ice beasts
  3 wolves
  A phantom (D:5)
  3 ogres
  A centaur (D:6)
  A crocodile (Lair:1)
  Blork the orc (D:4)
  3 bullfrogs
  Dowan (D:6)
  3 scorpions
  A wight (D:8)
  An electric eel (Lair:1)
  2 howler monkeys
  3 crimson imps
  3 bullfrog zombies
  5 jellies
  4 hounds
  An orc priest (D:3)
  3 centaur skeletons
  2 iguanas
  5 orc wizards
  6 worker ants
  2 hound skeletons
  A worker ant zombie (D:8)
  3 gnolls (D:6)
  A howler monkey skeleton (D:8)
  11 adders
  4 shadow imps
  An ooze (D:2)
  An adder zombie (D:3)
  An adder skeleton (D:8)
  2 worms
  A dart slug (D:2)
  5 leopard geckos
  21 orcs
  A ball python (D:2)
  8 giant cockroaches
  4 goblins
  6 hobgoblins
  14 jackals
  A kobold (D:3)
  A quokka (D:3)
  11 bats
  7 frilled lizards
  A jackal skeleton (D:8)
  A leopard gecko zombie (D:7)
  A quokka zombie (D:5)
  8 rats
188 creatures vanquished.

Notes
Turn   | Place    | Note
-------+----------+-------------------------------------------
     0 | D:1      | tifemel the Centaur Hunter began the quest for the Orb.
     0 | D:1      | Reached XP level 1. HP: 17/17 MP: 1/1
   481 | D:1      | Reached XP level 2. HP: 17/24 MP: 2/2
  1005 | D:1      | Reached skill level 1 in Short Blades
  1187 | D:2      | Reached XP level 3. HP: 30/30 MP: 3/3
  1601 | D:2      | Found a hazy altar of Hepliaklqana.
  1700 | D:2      | Reached skill level 6 in Bows
  1720 | D:2      | HP: 1/30 [poisoned by an adder]
  2327 | D:2      | Reached XP level 4. HP: 37/37 MP: 4/4
  3106 | D:3      | Reached XP level 5. HP: 38/45 MP: 5/5
  3656 | D:4      | Found Teafougym's Assorted Antiques.
  4295 | D:4      | Reached skill level 7 in Bows
  4295 | D:4      | Reached XP level 6. HP: 37/52 MP: 6/6
  4878 | D:5      | Entered Level 5 of the Dungeon
  4878 | D:5      | Noticed Blork the orc
  4894 | D:4      | Killed Blork the orc
  5249 | D:5      | Noticed an ice beast
  5288 | D:5      | Killed an ice beast
  5288 | D:5      | Reached XP level 7. HP: 60/60 MP: 7/7
  5397 | D:5      | Found a glowing silver altar of Zin.
  5905 | D:5      | Noticed Pikel
  6132 | D:4      | Killed Pikel
  6132 | D:4      | Reached skill level 5 in Fighting
  6132 | D:4      | Reached skill level 8 in Bows
  6132 | D:4      | Reached XP level 8. HP: 36/70 MP: 8/8
  6509 | D:5      | Reached skill level 9 in Bows
  6709 | D:5      | Noticed a hippogriff
  6756 | D:5      | Killed a hippogriff
  6756 | D:5      | Reached skill level 5 in Short Blades
  6896 | D:5      | Found an ornate altar of the Wu Jian Council.
  7509 | D:6      | Noticed Grinder
  7546 | D:6      | Paralysed by Grinder for 2 turns
  7585 | D:6      | Killed Grinder
  7585 | D:6      | Reached skill level 10 in Bows
  7784 | D:6      | Noticed Dowan
  7785 | D:6      | Noticed Duvessa
  7804 | D:6      | Killed Duvessa
  7829 | D:6      | Reached XP level 9. HP: 79/79 MP: 9/9
  7836 | D:6      | Killed Dowan
  8892 | D:6      | Found a white marble altar of Elyvilon.
  9045 | D:7      | Found a sacrificial altar of Ru.
  9249 | D:7      | Found Foakha's Assorted Antiques.
  9355 | D:7      | Found an ancient bone altar of Kikubaaqudgha.
  9686 | D:7      | Found a staircase to the Ecumenical Temple.
  9692 | Temple   | Entered the Ecumenical Temple
  9878 | Temple   | Became a worshipper of Warmaster Okawaru
 10165 | D:8      | Reached skill level 11 in Bows
 10294 | D:8      | Found a hide-covered altar of Uskayaw.
 10599 | D:8      | Got a wavering amber ring
 10837 | D:8      | Found a staircase to the Lair.
 11094 | D:8      | Found a radiant altar of Vehumet.
 11307 | D:9      | Found a burning altar of Makhleb.
 11313 | D:9      | Noticed a two-headed ogre
 11651 | D:9      | Reached * piety under Okawaru
 11816 | D:9      | Noticed Joseph
 12497 | Lair:1   | Entered Level 1 of the Lair of Beasts
 13144 | Lair:1   | Reached XP level 10. HP: 90/90 MP: 10/10
 13247 | Lair:1   | Noticed a spiny frog
 13324 | Lair:1   | Killed a spiny frog
 13324 | Lair:1   | Reached skill level 12 in Bows
 14632 | Lair:1   | Noticed Sonja
 14690 | D:8      | Identified the cursed ring "Qeynics" {Int+4 Slay-3} (You
                  | took it off a crimson imp on level 8 of the Dungeon)
 14702 | Lair:1   | Killed Sonja
 14702 | Lair:1   | Reached ** piety under Okawaru
 14895 | Lair:1   | Noticed a black mamba
 14923 | Lair:1   | HP: 3/91 [black mamba (15)]
 14924 | Lair:1   | Mangled by a black mamba

Skill      XL: |  1  2  3  4  5  6  7  8  9 10 |
---------------+-------------------------------+-----
Short Blades   | 1 2 3 4 6 7 8 |  8.1
Bows           | 6 7 8 10 11 12 | 12.4
Fighting       | 3 4 5 7 8 9 |  9.2
Dodging        | |  1.3
Stealth        | |  0.4

Action                   |  1- 3 |  4- 6 |  7- 9 | 10-12 || total
-------------------------+-------+-------+-------+-------++-------
Melee: Short sword       |    84 |    68 |   133 |       ||   285
       Kick              |    13 |    18 |    52 |    12 ||    95
       Shortbow          |       |       |     4 |       ||     4
       Rapier            |       |       |    85 |    57 ||   142
 Fire: Shortbow          |    52 |   155 |   396 |    23 ||   626
Invok: Heroism           |       |       |       |     1 ||     1
Evoke: Wand              |       |       |       |     5 ||     5
  Use: Scroll            |       |     5 |       |     9 ||    14
       Potion            |       |       |       |     3 ||     3
  Eat: Chunk             |     3 |     4 |     7 |     4 ||    18
       Ration            |       |     1 |     4 |       ||     5
Armor: Leather armour    |    51 |    23 |    65 |    10 ||   149
Dodge: Dodged            |    47 |    40 |    84 |    45 ||   216
